 Dungeon Crawl Stone Soup version 0.31.0-12-g77e489cdc1 (webtiles) character file.

Game seed: 9039544513416910569

25435 hawla the Basher (level 12, -16/91 HPs)
             Began as a Minotaur Fighter on Feb 15, 2024.
             Was an Elder of Makhleb.
             Demolished by a cane toad (28 damage)
             ... on level 1 of the Lair of Beasts.
             The game lasted 00:41:33 (13647 turns).

hawla the Basher (Minotaur Fighter)                Turns: 13647, Time: 00:41:33

Health: -16/91     AC: 19    Str: 33    XL:     12   Next: 89%
Magic:  0/18       EV:  7    Int:  5    God:    Makhleb [****..]
Gold:   260        SH: 10    Dex:  9    Spells: 11/11 levels left

rFire   . . .        B - +6 war axe
rCold   . . .        O - +0 kite shield
rNeg    . . .        g - +1 plate armour
rPois   .            (helmet restricted)
rElec   .            h - +2 cloak
rCorr   .            (no gloves)
SInv    .            (no boots)
Will    .....        D - amulet of guardian spirit Stlth
                     i - +6 ring of strength
HPRegen 0.35/turn    C - +4 ring of protection
MPRegen 0.16/turn

%: guardian spirit
@: no status effects
A: horns 2, retaliatory headbutt
a: Renounce Religion, Minor Destruction, Lesser Servant of Makhleb, Major
Destruction


You were on level 1 of the Lair of Beasts.
You worshipped Makhleb.
Makhleb was greatly pleased with you.
You visited 3 branches of the dungeon, and saw 17 of its levels.

You collected 743 gold pieces.
You spent 483 gold pieces at shops.

Inventory:

Hand Weapons
 k - the +3 spear of Inference {heavy, Stlth+}
   (You found it on level 2 of the Dungeon)

   Stlth+:    It makes you more stealthy.
 A - the +4 hammer of the Purse {freeze, Int+3 Stlth+}
   (You found it on level 6 of the Dungeon)

   Int+3:     It affects your intelligence (+3).
   Stlth+:    It makes you more stealthy.
 B - a +6 war axe (weapon)
 J - a +1 scimitar of flaming
Missiles
 e - a datura-tipped dart
 u - 28 poisoned darts (quivered)
 M - 3 throwing nets
Armour
 g - a +1 plate armour (worn)
 h - a +2 cloak (worn)
 O - a +0 kite shield (worn)
Jewellery
 a - a ring of willpower
 i - a +6 ring of strength (left hand)
 j - a +4 ring of protection
 l - the ring "Jiarima" {rElec rF+ rC- Will- Int+9}
   (You found it on level 4 of the Dungeon)

   [ring of protection from fire]

   Int+9:     It affects your intelligence (+9).
   rF+:       It protects you from fire.
   rC-:       It makes you vulnerable to cold.
   rElec:     It insulates you from electricity.
   Will-:     It decreases your willpower.
 s - a ring of ice
 x - a ring of resist corrosion
 C - a +4 ring of protection (right hand)
 D - an amulet of guardian spirit (around neck)
 H - a +6 ring of strength
 P - a +6 ring of dexterity
Wands
 b - a wand of polymorph (17)
 r - a wand of flame (21)
 y - a wand of charming (12)
 E - a wand of mindburst (18)
 R - a wand of iceblast (1)
Scrolls
 n - 2 scrolls of vulnerability
 p - 2 scrolls of fear
 q - 2 scrolls of poison
 F - 2 scrolls of fog
 N - a scroll of revelation
 Q - a scroll of amnesia
Potions
 d - 4 potions of might
 o - 2 potions of enlightenment
 v - 2 potions of cancellation
 z - 2 potions of magic
 G - a potion of brilliance
 I - 2 potions of lignification
 K - a potion of attraction


   Skills:
 - Level 4.0 Fighting
 + Level 7.0(13.5) Axes
 - Level 13.8(14.5) Maces & Flails
 - Level 11.8(12.6) Polearms
 - Level 6.0 Throwing
 - Level 3.6 Armour
 - Level 2.0 Dodging
 - Level 10.0 Shields
 - Level 10.0 Invocations
 - Level 4.0 Evocations


You had 11 spell levels left.
You didn't know any spells.
Your spell library was empty.

Dungeon Overview and Level Annotations

Branches:
Dungeon (15/15)            Temple (1/1) D:5            Lair (1/5) D:11
    Orc (0/2) D:10         Depths (0/4) D:15
 Vaults: D:13-14

Altars:
Ashenzari
Cheibriados
Dithmenos
Elyvilon
Fedhas
Gozag
Hepliaklqana
Kikubaaqudgha
Makhleb
Nemelex Xobeh
Okawaru
Qazlal
Ru
Sif Muna
Trog
Uskayaw
Vehumet
Wu Jian
Xom
Yredelemnul
Zin
The Shining One

Shops:
D:1 :   D:6 *   D:7 !   D:10 (   D:13 =*

Portals:
Abyss: D:13

Annotations:
D:1 dig the tomes
D:9 4 transporters
D:13 3 transporters, qdestroyer's ghost, journeyman MiFi


Innate Abilities, Weirdness & Mutations

You have a pair of horns on your head.
You reflexively headbutt those who attack you in melee.


Message History

The cane toad is moderately wounded.
The cane toad stings you!
* * * LOW HITPOINT WARNING * * *
You are lethally poisoned!
The cane toad poisons you! The cane toad closely misses you.
Blink to where?
Press: ? - help, Dir - move target, p - cane toad
As you read the scroll of blinking, it crumbles to dust.
* * * LOW HITPOINT WARNING * * *
You feel very sick.
You feel much better.
You feel very sick.
The cane toad gives a loud, deep croak!
As you read the scroll of immolation, it crumbles to dust.
The creatures around you are filled with an inner flame!
You feel sick.
Okay, then.
You feel sick.
Okay, then.
You feel sick. The cane toad stings you!!
* * * LOW HITPOINT WARNING * * *
You feel sick.
The cane toad stings you but does no damage.
Found 18 gold pieces.
You feel sick. The cane toad barely misses you.
You feel sick.
You feel sick. You block the cane toad's attack.
You're wearing all the rings you can.
Remove which one? (? for menu, Esc to cancel) < or
i - a +6 ring of strength; > or
s - a ring of ice You remove your ring of ice.
You feel sick. You block the cane toad's attack.
C - a +4 ring of protection (right hand)
The cane toad stings you but does no damage.
You feel sick.
You are no longer poisoned.
The cane toad attacks as it pursues you!
You block the cane toad's attack. The cane toad completely misses you.
A cane toad comes into view.
The cane toad attacks as it pursues you!
The cane toad stings you!!
You die...

#P ... ## ....
#P###
....####.$..##.
......#.......F
.......@##
.##..#.F.# #. #
##.#### ##.
##.....# #...
#.....#..#
##...
##..###...#
......#####..##
..##
.......#P..P#
..#
...........##
#..


You could see a cane toad and a neutral cane toad (fast, inner flame, strong,
frenzied).

Vanquished Creatures
  2 hydras (D:13)
  Erica (D:8)
  2 boulder beetles
  2 two-headed ogres
  Nergalle (D:10)
  Pikel (D:7)
  A necromancer (D:15)
  4 deep elf pyromancers
  4 ugly things
  3 meliai (D:14)
  3 cyclopes
  Joseph (D:8)
  5 gargoyles
  An unseen horror (D:12)
  Maggie (D:6)
  A kobold demonologist (D:9)
  2 komodo dragons (Lair:1)
  A tengu conjurer (D:15)
  2 trolls (D:11)
  A polar bear (Lair:1)
  A shadow (D:11)
  2 wyverns (D:9)
  37 yaks
  A basilisk (D:12)
  4 vampire mosquitoes (D:13)
  Menkaure (D:5)
  Edmund (D:6)
  An acid dragon (D:11)
  Duvessa (D:7)
  2 black bears
  A sky beast (D:7)
  2 ogres (D:4)
  5 centaurs
  3 kobold brigands
  Blork the orc (D:4)
  4 gnoll sergeants
  2 bullfrogs
  5 scorpions
  5 wights (D:7)
  Dowan (D:7)
  3 killer bees (D:10)
  6 howler monkeys
  2 bombardier beetles
  2 jellies
  Crazy Yiuf (D:6)
  4 orc priests
  6 hounds
  5 iguanas
  Ijyb (D:5)
  A sleepcap (D:7)
  10 orc wizards
  Robin (D:2)
  17 gnolls
  7 adders
  A shadow imp (D:7)
  A white imp (D:5)
  A dart slug (D:2)
  A ribbon worm (D:3)
  34 orcs
  5 endoplasms
  5 giant cockroaches
  17 goblins
  7 hobgoblins
  7 jackals
  3 quokkas
  4 ball pythons
  9 bats
  2 frilled lizards (D:3)
  22 kobolds
  6 rats
310 creatures vanquished.

Notes
Turn   | Place    | Note
-------+----------+-------------------------------------------
     0 | D:1      | hawla the Minotaur Fighter began the quest for the Orb.
     0 | D:1      | Reached XP level 1. HP: 19/19 MP: 0/0
   104 | D:1      | Reached skill level 1 in Dodging
   195 | D:1      | Reached XP level 2. HP: 26/26 MP: 1/1
   540 | D:1      | Found Onojid's Book Boutique.
   540 | D:1      | Noticed a walking divine tome
   546 | D:1      | Noticed a walking frostbound tome
   802 | D:2      | Reached XP level 3. HP: 33/33 MP: 2/2
   823 | D:2      | Noticed Robin
  1071 | D:2      | Killed Robin
  1143 | D:2      | Reached skill level 5 in Shields
  1165 | D:2      | Identified the +3 spear of Inference {heavy, Stlth+}
  1175 | D:2      | Reached XP level 4. HP: 40/40 MP: 3/3
  1181 | D:2      | Found a stormy altar of Qazlal.
  1488 | D:3      | Reached skill level 1 in Polearms
  1488 | D:3      | Reached skill level 1 in Throwing
  1866 | D:3      | Reached XP level 5. HP: 41/46 MP: 4/4
  1913 | D:3      | Found a faded altar of an unknown god.
  2284 | D:4      | Noticed Blork the orc
  2296 | D:4      | Killed Blork the orc
  2297 | D:4      | Reached XP level 6. HP: 34/52 MP: 5/5
  2416 | D:4      | Reached skill level 5 in Throwing
  2592 | D:4      | Reached XP level 7. HP: 29/59 MP: 6/6
  2790 | D:4      | Noticed Ijyb
  2799 | D:4      | Identified the ring "Jiarima" {rElec rF+ rC- Will- Int+9}
  2935 | D:5      | Entered Level 5 of the Dungeon
  3047 | D:5      | Found a staircase to the Ecumenical Temple.
  3054 | Temple   | Entered the Ecumenical Temple
  3067 | Temple   | Became a worshipper of Makhleb the Destroyer
  3395 | D:5      | Reached skill level 5 in Polearms
  3400 | D:5      | Noticed Menkaure
  3408 | D:5      | Killed Menkaure
  3423 | D:5      | Killed Ijyb
  3451 | D:5      | Reached XP level 8. HP: 21/66 MP: 7/7
  3787 | D:5      | Reached * piety under Makhleb
  4093 | D:6      | Noticed Maggie
  4105 | D:6      | Killed Maggie
  4181 | D:6      | Noticed Edmund
  4198 | D:6      | Killed Edmund
  4199 | D:6      | Reached skill level 10 in Polearms
  4276 | D:6      | Found Ixegeg's Assorted Antiques.
  4288 | D:6      | Bought a twisted copper wand for 108 gold pieces
  4288 | D:6      | Bought a scroll labelled YGHEAN HEOMEI for 27 gold pieces
  4288 | D:6      | Bought a scroll of identify for 54 gold pieces
  4288 | D:6      | Bought a scroll labelled PUSHRE OPPACOD for 27 gold pieces
  4288 | D:6      | Bought a blue potion for 24 gold pieces
  4288 | D:6      | Bought a wand of flame (1) for 18 gold pieces
  4448 | D:7      | Found Oriatic's Distillery.
  4582 | D:6      | Found a runed translucent door.
  4583 | D:6      | Noticed Crazy Yiuf
  4584 | D:6      | Identified the +4 hammer of the Purse {freeze, Int+3
                  | Stlth+}
  4596 | D:6      | Killed Crazy Yiuf
  4848 | D:7      | Found a radiant altar of Vehumet.
  4858 | D:7      | Reached XP level 9. HP: 69/71 MP: 8/8
  4863 | D:7      | Found an ancient bone altar of Kikubaaqudgha.
  4864 | D:7      | Found a shimmering blue altar of Sif Muna.
  5067 | D:7      | Reached ** piety under Makhleb
  5154 | D:7      | Reached skill level 1 in Evocations
  5233 | D:7      | Noticed Pikel
  5243 | D:7      | Killed Pikel
  5395 | D:7      | Noticed Dowan
  5397 | D:7      | Noticed Duvessa
  5399 | D:7      | Killed Dowan
  5407 | D:7      | Killed Duvessa
  5408 | D:7      | Reached skill level 5 in Invocations
  5726 | D:8      | Noticed Erica
  6232 | D:8      | Killed Erica
  6233 | D:8      | Reached XP level 10. HP: 50/78 MP: 12/14
  6470 | D:8      | Noticed Joseph
  6486 | D:8      | Killed Joseph
  7074 | D:9      | Reached skill level 10 in Invocations
  7074 | D:9      | Reached skill level 1 in Maces & Flails
  7078 | D:9      | Reached skill level 2 in Maces & Flails
  7089 | D:9      | Reached skill level 3 in Maces & Flails
  7100 | D:9      | Reached skill level 4 in Maces & Flails
  7405 | D:9      | Found a transporter.
  7429 | D:9      | Reached skill level 5 in Maces & Flails
  7455 | D:9      | Found a transporter.
  7510 | D:9      | Reached *** piety under Makhleb
  7760 | D:9      | Reached skill level 6 in Maces & Flails
  7896 | D:9      | Reached XP level 11. HP: 52/84 MP: 17/17
  8128 | D:9      | Found a transporter.
  8182 | D:9      | Found a transporter.
  8444 | D:10     | Entered Level 10 of the Dungeon
  8497 | D:10     | Found a staircase to the Orcish Mines.
  8565 | D:10     | Noticed Nergalle
  8581 | D:10     | Killed Nergalle
  8582 | D:10     | Reached skill level 7 in Maces & Flails
  8747 | D:10     | Reached skill level 8 in Maces & Flails
  8937 | D:10     | Reached skill level 9 in Maces & Flails
  8988 | D:10     | Noticed a two-headed ogre
  8999 | D:10     | Killed a two-headed ogre
  9000 | D:10     | Reached skill level 10 in Maces & Flails
  9314 | D:10     | Found Edozae's Firing Range.
  9323 | D:10     | Bought 2 throwing nets for 90 gold pieces
  9450 | D:6      | Bought a notched wooden ring for 135 gold pieces
 10007 | D:11     | Reached skill level 11 in Maces & Flails
 10124 | D:11     | Found a staircase to the Lair.
 10137 | D:11     | Reached **** piety under Makhleb
 10624 | D:12     | Reached skill level 12 in Maces & Flails
 10859 | D:12     | Noticed a two-headed ogre
 10869 | D:12     | Killed a two-headed ogre
 10880 | D:12     | Reached skill level 13 in Maces & Flails
 11211 | D:12     | Reached XP level 12. HP: 91/91 MP: 18/18
 11458 | D:12     | Noticed a boulder beetle
 11474 | D:12     | Killed a boulder beetle
 12039 | D:13     | Noticed qdestroyer's ghost (journeyman MiFi)
 12040 | D:13     | Found a one-way gate to the infinite horrors of the Abyss.
 12041 | D:13     | Noticed a five-headed hydra
 12041 | D:13     | Noticed a rakshasa
 12051 | D:13     | Noticed a cacodemon
 12053 | D:13     | Killed a one-headed hydra
 12235 | D:13     | You fall into a shaft and drop 2 floors!
 12235 | D:15     | Entered Level 15 of the Dungeon
 12476 | D:15     | Noticed a boulder beetle
 12489 | D:15     | Killed a boulder beetle
 12512 | D:15     | Noticed a tengu warrior
 12713 | D:15     | Noticed a vampire mage
 12736 | D:15     | Reached skill level 10 in Shields
 13127 | D:14     | Reached skill level 5 in Axes
 13286 | D:13     | Found Zemeu's Jewellery Shop.
 13297 | D:13     | Noticed a four-headed hydra
 13304 | D:13     | Killed a one-headed hydra
 13359 | D:13     | Found a transporter.
 13364 | D:13     | Found Caotrej's Assorted Antiques.
 13365 | D:13     | Found a transporter.
 13366 | D:13     | Found a transporter.
 13512 | Lair:1   | Entered Level 1 of the Lair of Beasts
 13647 | Lair:1   | Demolished by a cane toad

Illustrated notes

Levels and vault maps discovered:
D:1:      scummos_arrival_gate, layout_loops_ring, serial_shops,
          nicolae_shop_mannequins
D:2:      layout_basic, basic_altar, uniq_robin
D:3:      layout_loops_cross, basic_ecumenical_altar
D:4:      layout_basic, uniq_blork_the_orc, uniq_ijyb
D:5:      nicolae_BIG_FREAKIN_CUBE, layout_loops_ring,
          minmay_temple_entry_offerings, uniq_menkaure
D:6:      layout_basic, serial_shops, nicolae_shop_getting_attention,
          uniq_crazy_yiuf_cottage, uniq_maggie, uniq_edmund
D:7:      layout_basic, grunt_temple_overflow_magic_moments, serial_shops, shop,
          uniq_pikel, uniq_duvessa
D:8:      layout_loops_ring, uniq_joseph, uniq_erica
D:9:      layout_loops_corners, st_stairs_11, nicolae_transporter_circle
D:10:     layout_loops_ring, orc_0_dummy, nicolae_shop_firing_range,
          uniq_nergalle
D:11:     layout_small_grid, lair_entry_dummy
D:12:     layout_layer_cave
D:13:     layout_roguey, gammafunk_ghost_abyssal_escape, serial_curves,
          eino_curves_03, eino_curves_01, serial_shops, shop, shop, shop,
          nicolae_shop_drivethru, shop, ebering_dispersal_statue_hall,
          minivault_20
D:14:     layout_roguey, david_vaults_3, elyvilon_altar_4
D:15:     gammafunk_depths_entry_grave, layout_stronghold, serial_glass,
          glass_columns_a, glass_columns_b, glass_columns_a, glass_columns_a,
          chequers_serial_rivers_micro_e, minivault_12, uniq_roxanne
Temple:   nicolae_temple_bog_church
Lair:1:   layout_layer_cave, basic_altar, serial_bayou_pond_c,
          chequers_serial_rivers_micro_d, beast_lair_carwin_4,
          grunt_megastairs_4

Skill      XL: |  1  2  3  4  5  6  7  8  9 10 11 12 |
---------------+-------------------------------------+-----
Dodging        | 1 2 |  2.0
Fighting       | 4 |  4.0
Shields        | 4 5 10 | 10.0
Polearms       | 2 6 11 | 11.8
Throwing       | 2 4 6 |  6.0
Evocations     | 2 4 |  4.0
Invocations    | 7 10 | 10.0
Maces & Flails | 6 13 | 13.8
Axes           | 7 |  7.0
Armour         | |  3.6

Action                     |  1- 3 |  4- 6 |  7- 9 | 10-12 || total
---------------------------+-------+-------+-------+-------++-------
  Melee: War axe           |   104 |    15 |    41 |    76 ||   236
         Headbutt          |     6 |     8 |    36 |   118 ||   168
         Spear             |     1 |   116 |   242 |   167 ||   526
         Mace              |       |       |    45 |   268 ||   313
         Scimitar          |       |       |       |    12 ||    12
  Throw: Dart              |       |       |       |     2 ||     2
  Evoke: Wand              |       |       |     9 |    15 ||    24
    Use: Scroll            |     2 |     4 |    11 |    19 ||    36
         Potion            |     1 |       |     3 |     8 ||    12
 Armour: Scale mail        |    13 |       |       |       ||    13
         Plate armour      |   106 |   146 |   212 |   463 ||   927
         Skin              |       |       |       |    22 ||    22
  Dodge: Dodged            |    45 |    42 |    66 |   174 ||   327
  Block: Buckler           |    23 |    28 |    60 |    39 ||   150
         Kite shield       |       |       |       |   166 ||   166
